 Dungeon Crawl Stone Soup version 0.30-a0-743-gbfdf073431 (webtiles) character file.

Game seed: 5703060178549168436

175 Crownlay the Digger (level 5, -7/28 HPs)
             Began as a Gargoyle Earth Elementalist on Feb 6, 2023.
             Was an Initiate of Sif Muna.
             Mangled by a gnoll
             ... wielding a +0 flail
              (11 damage)
             ... on level 4 of the Dungeon.
             The game lasted 00:03:49 (3097 turns).

Crownlay the Digger (Gargoyle Earth Elementalist)   Turns: 3097, Time: 00:03:50

Health: -7/28      AC:  6    Str: 11    XL:     5   Next: 55%
Magic:  1/8        EV: 11    Int: 24    God:    Sif Muna [......]
Gold:   110        SH:  0    Dex: 10    Spells: 4/8 levels left

rFire   + . .      SeeInvis .    o - +0 trident
rCold   x . .      Faith    .    (no shield)
rNeg    + . .      Spirit   .    a - +0 robe
rPois   ∞          Reflect  .    (no helmet)
rElec   +          Harm     .    (no cloak)
rCorr   .          Rampage  .    (no gloves)
Will    .....                    (no boots)
Stlth   ++                       (no amulet)
HPRegen 0.24/turn                g - +6 ring of intelligence
MPRegen 0.11/turn                h - ring of fire

@: no status effects
A: sickness immunity, AC +4, negative energy resistance 1, electricity
resistance, torment resistance 1, petrification resistance
a: Renounce Religion


You were on level 4 of the Dungeon.
You worshipped Sif Muna.
Sif Muna was noncommittal.
You visited 1 branch of the dungeon, and saw 4 of its levels.

You collected 110 gold pieces.

Inventory:

Hand Weapons
 o - a +0 trident (weapon)
Armour
 a - a +0 robe (worn)
Jewellery
 g - a +6 ring of intelligence (left hand)
 h - a ring of fire (right hand)
Scrolls
 d - a scroll of immolation {unknown}
 f - 2 scrolls of identify {unknown}
 i - a scroll of acquirement {unknown}
 k - a scroll of noise {unknown}
 l - a scroll of torment
 m - a scroll of teleportation {unknown}
 p - 2 scrolls of blinking {unknown}
 q - 4 scrolls of amnesia
Potions
 b - a potion of magic
 c - a potion of cancellation {unknown}
 e - 5 potions of curing {unknown}
 j - a potion of heal wounds {unknown}
 n - a potion of might {unknown}
 r - 3 potions of degeneration {unknown}


   Skills:
 - Level 1.5 Dodging
 - Level 2.1 Stealth
 - Level 2.0 Spellcasting
 - Level 0.7 Transmutations
 * Level 7.1 Earth Magic
 + Level 1.3 Invocations


You had 4 spell levels left.
You knew the following spells:

 Your Spells              Type           Power      Damage    Failure   Level
a - Sandblast             Erth           72%        2d16      1%          1
b - Stone Arrow           Conj/Erth      38%        3d9       9%          3

Your spell library contained the following spells:

 Spells                   Type           Power      Damage    Failure   Level
 Passwall                 Tmut/Erth      17%        N/A       3%          2
 Petrify                  Tmut/Erth      21%        N/A       24%         4


Dungeon Overview and Level Annotations

Branches:
Dungeon (4/15)
 Temple: D:4-7

Altars:
Hepliaklqana
Qazlal
Sif Muna


Innate Abilities, Weirdness & Mutations

You are immune to sickness and miasma.
Your stone body is resilient. (AC +4)
You are immune to poison.
You resist negative energy. (rN+)
You are resistant to electric shocks. (rElec)
You are resistant to unholy torment.
You are immune to petrification.


Message History

Press: ? - help, Shift-Dir - straight line, f - gnoll
Aim: a gnoll, wielding a +0 whip (86% to hit)
The blast of sand hits the gnoll!
You kill the gnoll!
Sif Muna accepts your kill.
Casting: Sandblast (safe; 1% risk of failure)
Confirm with . or Enter, or press ? or * to list all spells.
Aiming: Sandblast (safe; 1% risk of failure)
Press: ? - help, Shift-Dir - straight line, f - gnoll
Aim: a gnoll, wielding a +0 flail (86% to hit)
The blast of sand misses the gnoll.
The blast of sand hits the gnoll!
The gnoll is almost dead.
The gnoll barely misses you. x2
Casting: Sandblast (safe; 1% risk of failure)
Confirm with . or Enter, or press ? or * to list all spells.
Aiming: Sandblast (safe; 1% risk of failure)
Press: ? - help, Shift-Dir - straight line, f/p - gnoll
Aim: a gnoll, wielding a +0 flail (86% to hit)
The blast of sand hits the gnoll!
The gnoll is severely wounded.
The gnoll hits you with a +0 flail.
* * * LOW HITPOINT WARNING * * *
The gnoll closely misses you.
Casting: Sandblast (safe; 1% risk of failure)
Confirm with . or Enter, or press ? or * to list all spells.
You don't have enough magic to cast this spell.
Unknown command.
Casting: Sandblast (safe; 1% risk of failure)
Confirm with . or Enter, or press ? or * to list all spells.
You don't have enough magic to cast this spell.
Unknown command.
The gnoll hits you with a +0 whip.
* * * LOW HITPOINT WARNING * * *
Reach: o) +0 trident
Press: ? - help, Dir - move target, f/p - gnoll
Aim: a gnoll, wielding a +0 flail (severely wounded, about 44% to evade your +0 trident)
You hit the gnoll.
The gnoll is almost dead.
The gnoll hits you with a +0 flail!
You die...

######### #####....#
#...#...# #...#....#
#...#...# #..$+....#
#...'...# #...#....###
##'####### #..#.......
#........# #.@#.......
#........# #.g#.......
#........# #.g)........
#........# #..#........
#######'######..#.......
#......#....#'##.......
#......'............#+#
######'#............#
#....................#


You could see 2 gnolls.

Vanquished Creatures
  An iguana (D:4)
  2 gnolls (D:4)
  3 adders
  A worm (D:3)
  5 dart slugs
  4 orcs (D:3)
  5 ball pythons
  5 bats
  7 endoplasms
  2 giant cockroaches (D:1)
  6 goblins
  8 hobgoblins
  13 jackals
  4 kobolds (D:2)
  2 quokkas
  3 frilled lizards
  5 rats
76 creatures vanquished.

Notes
Turn   | Place    | Note
-------+----------+-------------------------------------------
     0 | D:1      | Crownlay the Gargoyle Earth Elementalist began the quest
                  | for the Orb.
     0 | D:1      | Reached XP level 1. HP: 10/10 MP: 3/3
    76 | D:1      | Reached skill level 4 in Earth Magic
    83 | D:1      | Reached XP level 2. HP: 4/15 MP: 0/5
   496 | D:1      | Reached XP level 3. HP: 16/19 MP: 3/6
   497 | D:1      | Reached skill level 5 in Earth Magic
   508 | D:1      | Learned a level 3 spell: Stone Arrow
  1941 | D:2      | Reached XP level 4. HP: 24/24 MP: 5/7
  2062 | D:2      | Reached skill level 6 in Earth Magic
  2738 | D:3      | Found a stormy altar of Qazlal.
  2785 | D:3      | Found a hazy altar of Hepliaklqana.
  2851 | D:3      | Found a shimmering blue altar of Sif Muna.
  2912 | D:3      | Became a worshipper of Sif Muna the Loreminder
  2956 | D:4      | Reached XP level 5. HP: 28/28 MP: 6/8
  3027 | D:4      | Reached skill level 1 in Invocations
  3092 | D:4      | Reached skill level 7 in Earth Magic
  3097 | D:4      | Mangled by a gnoll

Illustrated notes

Levels and vault maps discovered:
D:1:      minmay_arrival_loop, layout_basic, chequers_arboretum, minivault_24
D:2:      layout_basic
D:3:      layout_rooms, pf_just_have_faith, nicolae_qazlal_scattered_showers,
          lemuel_blue_sif_altar
D:4:      layout_gridville, nicolae_tso_carved_into_rock,
          mainiacjoe_overflow_surrounded_room, enter_ossuary_1

Skill      XL: |  1  2  3  4  5 |
---------------+----------------+-----
Earth Magic    | 4 5 6 7 |  7.1
Invocations    | 1 |  1.3
Dodging        | |  1.5
Stealth        | |  2.1
Spellcasting   | |  2.0
Transmutations | |  0.7

Action                     |  1- 3 |  4- 6 || total
---------------------------+-------+-------++-------
  Melee: Unarmed           |    25 |       ||    25
         Trident           |       |     5 ||     5
   Cast: Sandblast         |    52 |    50 ||   102
    Use: Scroll            |       |     2 ||     2
 Armour: Robe              |    16 |     9 ||    25
  Dodge: Dodged            |    42 |    18 ||    60

Table legend: (Time is in decaauts)
 A = Elapsed time spent in this place.
 B = Non-inter-level travel time spent in this place.
 C = Inter-level travel time spent in this place.
 D = Time resting spent in this place.
 E = Time spent auto-exploring this place.
 F = Levels seen in this place.
 G = Mean time per level.
                   A        B        C        D        E       F      G
               +--------+--------+--------+--------+--------+-----+--------+
         Total |   3146 |   2996 |    150 |      0 |   2490 |   4 |  786.5 |
       Dungeon |   3146 |   2996 |    150 |      0 |   2490 |   4 |  786.5 |
               +--------+--------+--------+--------+--------+-----+--------+

Top non-repeatable levels by time:
     D:1: 1216 daAuts
     D:2: 982 daAuts
     D:3: 797 daAuts
     D:4: 150 daAuts
